 Dungeon Sprint DCSS version 0.19-a0-1091-g463c9de (webtiles) character file.

2123 Conn321 the Unseen (level 9, -6/43 HPs)
             Began as a Spriggan Enchanter on Aug 7, 2016.
             Mangled by a skeletal warrior
             ... wielding a +4 trident of pain
              (17 damage)
             ... in the Dungeon (Sprint II: "The Violet Keep of Menkaure").
             The game lasted 00:07:19 (873 turns).

Conn321 the Unseen (Spriggan Enchanter)              Turns: 873, Time: 00:07:20

Health: -6/43      AC:  3    Str:  4    XL:     9   Next: 8%
Magic:  10/24      EV: 25    Int: 19    God:
Gold:   972        SH:  0    Dex: 17    Spells: 5 memorised, 17 levels left

rFire  . . .     SeeInvis +     a - +1 dagger
rCold  . . .     Gourm    .     b - +1 robe
rNeg   . . .     Faith    .     (shield restricted)
rPois  .         Spirit   .     (helmet restricted)
rElec  .         Dismiss  .     (no cloak)
rCorr  .         Reflect  .     (gloves unavailable)
SustAt .         Harm     .     (boots unavailable)
MR     +....     NoTele   +     (no amulet)
Stlth  ++++++++..               (no ring)
                                (no ring)

@: very quick
A: unfitting armour, see invisible, herbivore 3, speed 3, slow metabolism 2
a: no special abilities


You were in the Dungeon.
You were not hungry.

You visited 1 branch You collected 972 gold pieces.

Inventory:

Hand Weapons
 a - a +1 dagger (weapon)
Armour
 b - a +1 robe (worn)
Scrolls
 j - a scroll of blinking
Potions
 f - a potion of heal wounds
 g - a potion of haste
 h - a potion of magic
Books
 c - a book of Maledictions

   Spells                             Type                      Level
   a - Corona                         Hexes                        1
   b - Ensorcelled Hibernation        Hexes/Ice                    2
   c - Confuse                        Hexes                        3
   d - Tukima's Dance                 Hexes                        3
   e - Dazzling Spray                 Conjuration/Hexes            3
Comestibles
 d - a bread ration


   Skills:
 + Level 2.3 Fighting
 + Level 5.0 Short Blades
 + Level 9.5 Dodging
 + Level 17.2 Stealth
 + Level 10.8 Spellcasting
 + Level 1.8 Conjurations
 + Level 13.4 Hexes
 + Level 1.9 Ice Magic


You had 17 spell levels left.
You knew the following spells:

 Your Spells              Type           Power        Failure   Level  Hunger
a - Corona                Hex            ######.      1%          1    None
b - Ensorcelled Hibernat  Hex/Ice        #####.       1%          2    None
c - Confuse               Hex            ######..     1%          3    None
d - Dazzling Spray        Conj/Hex       #####.       1%          3    None
e - Tukima's Dance        Hex            ######..     1%          3    None


Dungeon Overview and Level Annotations

Branches:
Dungeon (1/1)

Altars:

Shops:
D %(?[(!*}[==:

Annotations:
D Kirke


Innate Abilities, Weirdness & Mutations

You are tiny and cannot use many weapons and most armour.
You have supernaturally acute eyesight. (SInv)
You are a herbivore.
You cover ground extremely quickly.
You need consume almost no food.


Message History

You writhe in agony.
* * * LOW HITPOINT WARNING * * *
Something hits the yaktaur captain.
The yaktaur captain shoots a bolt.
The bolt closely misses you.
Casting: Confuse
Confirm with . or Enter, or press ? or * to list all spells.
Aiming: Confuse
Press: ? - help, Shift-Dir - straight line, f - yaktaur captain
Aim: a yaktaur captain, wielding an arbalest (lightly wounded, chance to defeat MR: 41%)
The yaktaur captain resists with some effort.
Something barely misses the yaktaur captain.
The skeletal warrior completely misses you.
Casting: Confuse
Confirm with . or Enter, or press ? or * to list all spells.
Aiming: Confuse
Press: ? - help, Shift-Dir - straight line, f/p - yaktaur captain
Aim: a yaktaur captain, wielding an arbalest (lightly wounded, chance to defeat MR: 41%)
The yaktaur captain resists with some effort.
The skeletal warrior hits you from afar with a trident of pain!
You die...

########≈≈#+++#+++##
#######≈≈≈z...†....#
.∩....#z≈≈≈.##)##..#
∩.∩...#≈≈≈≈##.#.## #
.∩.∩..#≈≈≈≈#..#..#
..∩.⌠.#≈≈####...####
.∩.∩..#≈##.###+###.#
∩.∩...#≈#.c.##.##..##
.∩....+≈'.#@(z<.'##.+
∩.....#≈#c).##.##..##
▓▓▓▓###≈##.###'###.#
D######≈≈######.####
$ ##≈ #..##.# ≈ +#
##...## ≈≈§
#≈≈##'##≈≈≈≈≈
#≈§§≈≈≈≈≈≈≈≈
#§§§#+++#§≈§


You could see a yaktaur captain, a skeletal warrior and a centaur warrior
(confused).

Vanquished Creatures
  An elephant (D)
  A siren (D)
  A kobold demonologist (D)
  2 hippogriffs (D)
  3 neqoxecs (D)
  Menkaure (D)
  4 necrophages (D)
  4 worker ants (D)
17 creatures vanquished.

Vanquished Creatures (others)
  A hippogriff (D)
  A neqoxec (D)
  A crocodile (D)
3 creatures vanquished.

Grand Total: 20 creatures vanquished

Notes
Turn   | Place    | Note
-------+----------+-------------------------------------------
     0 | D        | Conn321 the Spriggan Enchanter began the quest for the Orb.
     0 | D        | Reached XP level 1. HP: 9/9 MP: 5/5
     1 | D        | Noticed a siren
     4 | D        | Noticed a necrophage
     4 | D        | Noticed a necrophage
     4 | D        | Noticed a necrophage
     4 | D        | Noticed a necrophage
    17 | D        | Killed a necrophage
    17 | D        | Reached skill level 5 in Dodging
    17 | D        | Reached skill level 8 in Stealth
    17 | D        | Reached XP level 2. HP: 13/13 MP: 5/8
    17 | D        | Reached XP level 3. HP: 16/16 MP: 6/10
    17 | D        | Reached XP level 4. HP: 21/21 MP: 6/11
    20 | D        | Killed a necrophage
    20 | D        | Reached skill level 10 in Stealth
    20 | D        | Reached skill level 5 in Spellcasting
    20 | D        | Reached XP level 5. HP: 24/24 MP: 7/14
    24 | D        | Killed a necrophage
    24 | D        | Reached skill level 11 in Stealth
    35 | D        | Killed a necrophage
    35 | D        | Reached skill level 10 in Hexes
    35 | D        | Reached XP level 6. HP: 27/28 MP: 8/16
   139 | D        | Learned a level 2 spell: Ensorcelled Hibernation
   143 | D        | Learned a level 3 spell: Confuse
   147 | D        | Learned a level 3 spell: Dazzling Spray
   151 | D        | Learned a level 3 spell: Tukima's Dance
   162 | D        | Reached skill level 12 in Stealth
   348 | D        | Killed a siren
   348 | D        | Reached skill level 1 in Fighting
   348 | D        | Reached skill level 14 in Stealth
   348 | D        | Reached XP level 7. HP: 32/33 MP: 17/19
   360 | D        | Noticed a neqoxec
   363 | D        | Killed a neqoxec
   382 | D        | Noticed a neqoxec
   383 | D        | Killed a neqoxec
   383 | D        | Reached skill level 1 in Ice Magic
   384 | D        | Noticed a neqoxec
   384 | D        | Noticed a neqoxec
   393 | D        | Killed a neqoxec
   393 | D        | Reached skill level 15 in Stealth
   393 | D        | Reached XP level 8. HP: 37/37 MP: 18/22
   413 | D        | Noticed an obsidian statue
   469 | D        | HP: 1/37 [poison (poison gas)]
   723 | D        | Found Lijo's Jewellery Emporium.
   723 | D        | Found Nuehusch's Book Emporium.
   723 | D        | Found Raokeiq's Distillery.
   723 | D        | Found Hyodirus's Antique Armour Shoppe.
   723 | D        | Found Vaixzuff's Jewellery Shoppe.
   723 | D        | Found Sogaobin's Antique Weapon Emporium.
   723 | D        | Found Yciriop's Gadget Emporium.
   723 | D        | Found Ynarho's Antique Armour Shoppe.
   724 | D        | Found Felom's Weapon Shoppe.
   724 | D        | Found Wofoesia's Assorted Antiques.
   724 | D        | Found Byraagil's Magic Scroll Emporium.
   724 | D        | Found Quw Leaf's Food Shoppe.
   724 | D        | Noticed Menkaure
   724 | D        | Noticed an ice dragon
   736 | D        | Noticed an orange crystal statue
   739 | D        | Noticed Kirke
   739 | D        | Noticed a kobold demonologist
   739 | D        | Noticed a yaktaur captain
   746 | D        | Killed Menkaure
   748 | D        | Noticed a hellwing
   761 | D        | Killed a kobold demonologist
   761 | D        | Reached skill level 16 in Stealth
   761 | D        | Reached skill level 1 in Conjurations
   781 | D        | Noticed an elephant
   788 | D        | Killed an elephant
   788 | D        | Reached skill level 10 in Spellcasting
   790 | D        | Noticed a skeletal warrior
   815 | D        | Reached skill level 5 in Short Blades
   815 | D        | Reached skill level 17 in Stealth
   815 | D        | Reached XP level 9. HP: 43/43 MP: 4/24
   870 | D        | Noticed a centaur warrior
   873 | D        | Mangled by a skeletal warrior

Vault maps used:
D:        the_violet_keep_of_menkaure

Skill      XL: |  1  2  3  4  5  6  7  8 |
---------------+-------------------------+-----
Dodging        | 5 6 7 8 9 |  9.5
Stealth        | 8 10 11 14 15 17 | 17.2
Spellcasting   | 4 5 6 8 9 10 | 10.8
Hexes          | 7 8 10 12 13 | 13.4
Short Blades   | 2 3 4 5 |  5.0
Fighting       | 1 2 |  2.3
Ice Magic      | 1 |  1.9
Conjurations   | 1 |  1.8

Action                   |  1- 3 |  4- 6 |  7- 9 || total
-------------------------+-------+-------+-------++-------
Melee: Dagger            |     6 |    25 |    20 ||    51
 Cast: Ensorcelled Hiber |       |     4 |     5 ||     9
       Dazzling Spray    |       |     2 |     6 ||     8
       Confuse           |       |       |    11 ||    11
  Use: Potion            |     1 |       |     2 ||     3
 Stab: Sleeping          |       |     4 |     4 ||     8
       Invisible         |       |     1 |       ||     1
       Confused          |       |       |     2 ||     2
Armor: Robe              |     1 |     1 |       ||     2
Dodge: Dodged            |     2 |    10 |    15 ||    27
